 Dungeon Crawl Stone Soup version 0.22-a0-284-g99d1f7439c (webtiles) character file.

2908 Kaname the Sneak (level 9, -17/57 HPs)
             Began as a Demonspawn Wizard on Mar 20, 2018.
             Was an Initiate of Gozag.
             Demolished by a death yak (24 damage)
             ... on level 8 of the Dungeon.
             The game lasted 00:34:39 (9999 turns).

Kaname the Sneak (Demonspawn Wizard)                Turns: 9999, Time: 00:34:39

Health: -17/57     AC:  2    Str:  9    XL:     9   Next: 49%
Magic:  0/18       EV: 12    Int: 21    God:    Gozag
Gold:   1027       SH:  0    Dex: 12    Spells: 11/20 levels left

rFire    . . .     SeeInvis .   x - +2 falchion (elec)
rCold    . . .     Gourm    .   (no shield)
rNeg     . . .     Faith    .   q - +0 robe
rPois    .         Spirit   +   (helmet unavailable)
rElec    .         Reflect  .   (no cloak)
rCorr    .         Harm     .   (no gloves)
MR       +....                  (no boots)
Stlth    ++++......             (no amulet)
HPRegen  0.19/turn              y - ring of protection from magic
MPRegen  0.16/turn              (no ring)

@: no status effects
A: horns 3, magic shield, rot immunity
a: Potion Petition, Call Merchant, Bribe Branch, Renounce Religion


You were on level 8 of the Dungeon.
You worshipped Gozag.
Gozag was most pleased with you.
You were not hungry.

You visited 2 branches of the dungeon, and saw 9 of its levels.

You collected 1112 gold pieces.
You spent 26 gold pieces at shops.
You paid 59 gold pieces to Gozag.

Inventory:

Hand Weapons
 f - a +1 dagger of draining
 g - a +3 blowgun
 x - a +2 falchion of electrocution (weapon)
Missiles
 c - 27 poisoned needles
Armour
 q - a +0 robe (worn)
 r - a cursed +1 buckler
Jewellery
 b - an uncursed ring of magical power {unknown}
 y - a ring of protection from magic (left hand)
Wands
 e - a wand of acid (7)
 s - a wand of flame (21)
Scrolls
 n - 3 scrolls of enchant armour
 t - a scroll of remove curse
Potions
 a - 3 potions of haste
 i - 2 potions of berserk rage
 o - a potion of brilliance
 z - a potion of lignification
 A - a potion of flight
Comestibles
 d - 8 rations


   Skills:
 - Level 5.1 Short Blades
 - Level 1.7 Dodging
 + Level 7.9 Stealth
 - Level 6.0 Spellcasting
 - Level 6.1 Conjurations
   Level 1.0 Summonings
 - Level 2.0 Translocations
 - Level 2.2 Poison Magic


You had 11 spell levels left.
You knew the following spells:

 Your Spells              Type           Power        Failure   Level  Hunger
a - Magic Dart            Conj           ####         1%          1    None
b - Blink                 Tloc           N/A          6%          2    None
c - Mephitic Cloud        Conj/Pois/Air  ###.....     10%         3    ##.....
d - Conjure Flame         Conj/Fire      ###.....     9%          3    ##.....


Dungeon Overview and Level Annotations

Branches:
Dungeon (8/15)             Temple (1/1) D:4
   Lair: D:8-11

Altars:
Ashenzari
Cheibriados
Dithmenos
Elyvilon
Fedhas
Gozag
Hepliaklqana
Kikubaaqudgha
Makhleb
Nemelex Xobeh
Okawaru
Qazlal
Ru
Sif Muna
Trog
Uskayaw
Vehumet
Wu Jian
Xom
Yredelemnul
Zin
The Shining One

Shops:
D:6 (   D:7 ?   D:8 (

Annotations:
D:5 Grinder
D:8 exclusion: death yak


Innate Abilities, Weirdness & Mutations

You have a pair of large horns on your head.
When hurt, damage is shared between your health and your magic reserves.
You are immune to rotting.


Message History

Press: ? - help, Shift-Dir - straight line, f/p - death yak
Aim: a death yak (flame, moderately wounded, poisoned)
You shoot a poisoned needle. The poisoned needle hits the death yak.
The death yak is moderately wounded.
The death yak is engulfed in blazing flames.
The death yak gores you!!
* * * LOW HITPOINT WARNING * * *
Wield which item (- for none, * to show all)? (? for menu, Esc to quit)
You hear the crackle of electricity.
x - a +2 falchion of electrocution (weapon)
You hit the death yak.
Lightning courses through the death yak!
The death yak is severely wounded.
The death yak is engulfed in blazing flames.
The death yak gores you!
* * * LOW HITPOINT WARNING * * *
The death yak is engulfed in blazing flames.
The death yak gores you!!
You die...
Your body crumbles into a pile of gold.

#####.##########.########..#####.
......# #.# #........ #######
##.# ##.#####. ####### #..# #.#
......# #.## ####.###### ##.##.#
#.# #.......∩.. #.##.# #.#
#.##.###### #.##.#
#.#######.##.### ##.##.###
#.@Y(..........#### .....#..#
#######......#.$... ##.##.#(#
#.#.##.###### ##.##.#.#
#.#........ .<....#.# #.####.####
##.####.# #.# ..# ##<# #.# #.#
.## ##.# #.# #.# . ##.## #.# ...


You could see a death yak.

Vanquished Creatures
  Sigmund (D:5)
  A wyvern (D:7)
  Duvessa (D:5)
  2 black bears
  An orc warrior (D:6)
  2 sky beasts (D:6)
  4 ogres
  2 big kobolds
  Blork the orc (D:6)
  3 bullfrogs (D:6)
  A gnoll sergeant (D:7)
  A scorpion (D:4)
  Dowan (D:5)
  A centaur zombie (D:6)
  2 crimson imps
  8 hounds
  A gnoll shaman (D:7)
  6 orc priests
  A centaur skeleton (D:7)
  Natasha (thrice) (D:3)
  4 orc wizards
  4 worker ants
  Terence (D:2)
  A hound zombie (D:6)
  A hound skeleton (D:6)
  Robin (D:2)
  6 adders
  4 gnolls (D:7)
  A shadow imp (D:8)
  2 oozes (D:1)
  An adder zombie (D:6)
  An adder skeleton (D:6)
  3 worms (D:2)
  A dart slug (D:1)
  8 leopard geckos
  18 orcs
  A ball python (D:2)
  11 bats
  3 giant cockroaches
  15 goblins
  14 hobgoblins
  16 jackals
  12 kobolds
  5 frilled lizards
  A jackal skeleton (D:8)
  A leopard gecko skeleton (D:6)
  A leopard gecko zombie (D:4)
  A quokka skeleton (D:6)
  10 rats
191 creatures vanquished.

Notes
Turn   | Place    | Note
-------+----------+-------------------------------------------
     0 | D:1      | Kaname the Demonspawn Wizard began the quest for the Orb.
     0 | D:1      | Reached XP level 1. HP: 13/13 MP: 4/4
   170 | D:1      | Gained mutation: When hurt, damage is shared between your health and your magic reserves. [demonic ancestry]
   170 | D:1      | Reached XP level 2. HP: 9/19 MP: 3/6
   652 | D:1      | Reached XP level 3. HP: 23/24 MP: 0/7
   656 | D:1      | Learned a level 2 spell: Blink
   660 | D:1      | Learned a level 3 spell: Mephitic Cloud
  1683 | D:2      | Noticed Terence
  1735 | D:2      | Killed Terence
  1735 | D:2      | Gained mutation: You have a pair of small horns on your head. [demonic ancestry]
  1735 | D:2      | Reached XP level 4. HP: 30/30 MP: 4/8
  1853 | D:2      | Reached skill level 1 in Translocations
  2161 | D:2      | Noticed Robin
  2166 | D:2      | Killed Robin
  2231 | D:2      | Found a glowing golden altar of the Shining One.
  2290 | D:2      | Found a snail-covered altar of Cheibriados.
  2291 | D:2      | Found a hide-covered altar of Uskayaw.
  2291 | D:2      | Found a radiant altar of Vehumet.
  2291 | D:2      | Found a burning altar of Makhleb.
  2293 | D:2      | Found an iron altar of Okawaru.
  2294 | D:2      | Found a sacrificial altar of Ru.
  2489 | D:3      | Found a bloodstained altar of Trog.
  2636 | D:3      | Noticed Natasha
  2639 | D:3      | Reached skill level 1 in Poison Magic
  2639 | D:3      | Gained mutation: You have a pair of horns on your head. [demonic ancestry]
  2639 | D:3      | Reached XP level 5. HP: 35/35 MP: 4/9
  2676 | D:3      | Learned a level 3 spell: Conjure Flame
  3117 | D:3      | Killed Natasha
  3207 | D:3      | Noticed Natasha
  3212 | D:3      | Killed Natasha
  3290 | D:3      | Found a deep blue altar of Sif Muna.
  3543 | D:3      | Noticed Natasha
  3547 | D:3      | Killed Natasha
  3587 | D:3      | Found a deep blue altar of Sif Muna.
  3768 | D:3      | Found a bloodstained altar of Trog.
  3950 | D:4      | Reached skill level 5 in Conjurations
  3950 | D:4      | Gained mutation: You are immune to rotting. [demonic ancestry]
  3950 | D:4      | Reached XP level 6. HP: 38/41 MP: 0/10
  4170 | D:4      | Found an ornate altar of the Wu Jian Council.
  4750 | D:4      | Found a stormy altar of Qazlal.
  4820 | D:4      | Found a hazy altar of Hepliaklqana.
  4861 | D:4      | Found a staircase to the Ecumenical Temple.
  4868 | Temple   | Entered the Ecumenical Temple
  4909 | Temple   | Became a worshipper of Gozag Ym Sagoz the Greedy
  5058 | D:5      | Entered Level 5 of the Dungeon
  5148 | D:5      | Noticed Dowan
  5148 | D:5      | Noticed Duvessa
  5175 | D:5      | Killed Dowan
  5620 | D:5      | Reached XP level 7. HP: 45/46 MP: 3/12
  5638 | D:5      | Killed Duvessa
  5712 | D:5      | Noticed Sigmund
  5722 | D:5      | Noticed Grinder
  5736 | D:5      | Killed Sigmund
  5736 | D:5      | Reached skill level 5 in Spellcasting
  6243 | D:6      | Found Lutu's Antique Weapon Boutique.
  6291 | D:6      | Reached skill level 1 in Short Blades
  6291 | D:6      | Reached XP level 8. HP: 52/52 MP: 15/17
  6407 | D:6      | Noticed Blork the orc
  6430 | D:6      | Killed Blork the orc
  6559 | D:6      | Found a shimmering altar of Xom.
  7237 | D:6      | Reached skill level 5 in Short Blades
  7249 | D:6      | Reached skill level 2 in Stealth
  7362 | D:6      | Reached skill level 3 in Stealth
  7867 | D:6      | Found a shimmering altar of Xom.
  7984 | D:6      | Reached skill level 4 in Stealth
  8117 | D:6      | Found Lutu's Antique Weapon Boutique.
  8497 | D:7      | Gained mutation: You have a pair of large horns on your head. [demonic ancestry]
  8497 | D:7      | Reached XP level 9. HP: 31/57 MP: 9/18
  8595 | D:7      | Reached skill level 5 in Stealth
  8804 | D:7      | Found Jidixebi's Magic Scroll Shop.
  8807 | D:7      | Bought a scroll of identify for 26 gold pieces
  9087 | D:7      | Reached skill level 6 in Stealth
  9429 | D:7      | Reached skill level 7 in Stealth
  9910 | D:8      | Found Kosos's Antique Weapon Boutique.
  9914 | D:8      | Noticed a death yak
  9974 | D:8      | Noticed a death yak
  9999 | D:8      | Demolished by a death yak

Vault maps used:
D:1:      minmay_arrival_shattered_statue
D:2:      tso_altar, minitemple, uniq_robin, uniq_terence
D:3:      lemuel_blue_sif_altar, bloody_trog, uniq_natasha
D:4:      kennysheep_mini, lemuel_round_altar, kennysheep_little_box,
          temple_green, first_ration
D:5:      uniq_duvessa, uniq_grinder, uniq_sigmund
D:6:      old_standard_altar, serial_shops, kennysheep_mini_moat,
          uniq_blork_the_orc
D:7:      kennysheep_housing_project, serial_shops, nicolae_shop_behind_doors
D:8:      dpeg_lair_monsters, serial_shops, shop, grunt_ogre_cave
Temple:   jpeg_temple_island

Skill      XL: |  1  2  3  4  5  6  7  8  9 |
---------------+----------------------------+-----
Conjurations   | 2 3 4 5 6 |  6.1
Translocations | 2 |  2.0
Poison Magic   | 1 2 |  2.2
Spellcasting   | 6 |  6.0
Short Blades   | 1 5 |  5.1
Stealth        | 4 7 |  7.9
Dodging        | |  1.7
Summonings     | |  1.0

Action                   |  1- 3 |  4- 6 |  7- 9 || total
-------------------------+-------+-------+-------++-------
Melee: Unarmed           |    25 |       |       ||    25
       Dagger            |    51 |    53 |     6 ||   110
       Headbutt          |       |    13 |    28 ||    41
       Falchion          |       |    51 |   186 ||   237
 Fire: Blowgun           |       |       |    57 ||    57
 Cast: Magic Dart        |    48 |   120 |   117 ||   285
       Mephitic Cloud    |     1 |     5 |     9 ||    15
       Conjure Flame     |       |       |     3 ||     3
       Blink             |       |       |     1 ||     1
Evoke: Wand              |       |     2 |       ||     2
  Use: Potion            |       |     1 |     9 ||    10
       Scroll            |       |       |    12 ||    12
 Stab: Confused          |     3 |       |     6 ||     9
       Sleeping          |       |     1 |     5 ||     6
  Eat: Chunk             |     2 |    11 |       ||    13
       Ration            |       |     1 |     4 ||     5
Armor: Robe              |    20 |    13 |    16 ||    49
       Skin              |       |       |    11 ||    11
Dodge: Dodged            |    59 |    72 |   115 ||   246
       Rpst.: Falchion   |       |     9 |    28 ||    37

Table legend:
 A = Spawn XP
 B = Non-spawn XP
 C = Spawn XP percentage of total XP
 D = Spawn monster count
 E = Non-spawn monster count
 F = Spawn count percentage of total count
 G = Total turns spent on level
                    A         B        C        D         E        F      G
               +---------+---------+-------+---------+---------+-------+---------
         Total |       0 |    4155 |   0.0 |       0 |     191 |   0.0 |  9999
               +---------+---------+-------+---------+---------+-------+---------
           D:1 |       0 |      52 |   0.0 |       0 |      25 |   0.0 |  1520
           D:2 |       0 |     121 |   0.0 |       0 |      37 |   0.0 |  1114
           D:3 |       0 |     158 |   0.0 |       0 |      26 |   0.0 |  1234
           D:4 |       0 |     299 |   0.0 |       0 |      16 |   0.0 |  1395
           D:5 |       0 |     524 |   0.0 |       0 |       7 |   0.0 |   479
           D:6 |       0 |    1393 |   0.0 |       0 |      32 |   0.0 |  2486
           D:7 |       0 |    1269 |   0.0 |       0 |      41 |   0.0 |  1417
           D:8 |       0 |     339 |   0.0 |       0 |       7 |   0.0 |   272
               +---------+---------+-------+---------+---------+-------+---------
